Map: Ruins of Endion

Players

Miszu - Winner!

  • Race: Terran Terran
  • League: Master

LiquidMaNa (MaNa)

  • Race: Protoss Protoss
  • League: Grandmaster

VOD

Have the link to the VOD?

Description

Time

  • Played on: April 26, 2016, 12:56 p.m.
  • Length: 17:02
Show
View Real Time Build Order
Export as new Build Order

Miszu Terran - Winner!

Build Orders: Command Center First (CC), MMM Bio 

Get SALT Encoding   

  12  0:01  SCV  
  13  0:13  SCV  
  14  0:17  Supply Depot  
  14  0:27  SCV  
  15  0:39  SCV  
  16  0:52  SCV  
  17  1:00  Command Center  
  17  1:04  SCV  
  18  1:16  SCV  
  18  1:17  Barracks  
  19  1:28  SCV  
  19  1:31  Barracks  
  20  1:40  SCV  
  20  1:46  Barracks  
  21  2:04  Orbital Command  
  21  2:05  Marine  
  22  2:18  Marine  
  23  2:23  Marine  
  23  2:25  Orbital Command  
  23  2:29  SCV  
  25  2:32  Refinery  
  25  2:33  Refinery  
  25  2:34  Marine  
  26  2:37  Marine  
  26  2:43  SCV  
  26  2:44  Marine  
  29  2:51  Marine  
  29  2:52  SCV  
  29  2:55  Marine, SCV  
  33  3:03  Barracks Tech Lab  
  33  3:04  Supply Depot, SCV  
  34  3:08  SCV  
  34  3:09  Marine  
  36  3:12  Marine  
  36  3:19  SCV  
  38  3:22  Stimpack  
  38  3:26  Marine, SCV  
  40  3:27  Supply Depot  
  40  3:30  Marine x2  
  40  3:31  SCV  
  43  3:39  SCV  
  44  3:43  Marine, SCV  
  44  3:44  Factory  
  46  3:49  Marine x2  
  46  3:51  SCV  
  46  3:53  Supply Depot  
  49  3:56  SCV  
  49  4:01  Marine  
  51  4:03  SCV  
  51  4:04  Refinery  
  51  4:07  Engineering Bay, Marine x2  
  54  4:14  SCV  
  54  4:15  Supply Depot, SCV  
  56  4:20  Marine  
  57  4:26  Barracks Reactor, SCV  
  57  4:27  Barracks Tech Lab, SCV  
  57  4:28  Starport  
  57  4:29  Factory Reactor  
  59  4:37  Terran Infantry Weapons Level 1  
  59  4:38  SCV  
  59  4:39  Supply Depot, SCV  
  59  4:44  Supply Depot  
  61  4:50  SCV, Missile Turret  
  61  4:51  SCV  
  63  4:53  Missile Turret  
  63  4:59  Marauder  
  63  5:03  SCV  
  63  5:04  SCV  
  62  5:13  Missile Turret  
  58  5:15  SCV  
  58  5:16  SCV  
  58  5:18  Marine, Marauder  
  61  5:23  Marauder  
  61  5:27  SCV  
  61  5:28  SCV  
  65  5:39  SCV  
  65  5:40  SCV  
  65  5:41  Marine  
  69  5:49  Medivac  
  70  5:55  Barracks  
  70  5:59  Factory Reactor  
  70  6:00  Refinery, Barracks  
  70  6:04  Supply Depot  
  70  6:06  Supply Depot x2  
  70  6:07  Medivac  
  70  6:09  Barracks Reactor  
  70  6:12  Combat Shields, Concussive Shells  
  70  6:26  Barracks, Marauder x2  
  72  6:46  Barracks Reactor  
  72  6:47  Marine, Medivac x2, Marauder  
  73  6:48  Barracks Reactor  
  73  6:51  Supply Depot  
  73  6:52  Terran Infantry Armor Level 1  
  73  6:53  Command Center  
  78  6:54  Supply Depot  
  78  6:58  Widow Mine x2  
  82  7:05  Marauder  
  82  7:08  Marine  
  85  7:24  Barracks Tech Lab  
  85  7:26  Marine, Marauder  
  88  7:32  Marine  
  89  7:43  Marauder  
  91  7:44  Marine, Marauder, Widow Mine x2  
  91  7:45  Marine x2, Medivac x2  
  91  7:48  Marauder  
  91  7:51  Supply Depot  
  106  7:52  Supply Depot  
  106  8:05  Marauder  
  108  8:06  Marauder  
  108  8:09  Marine  
  110  8:19  Marine  
  107  8:26  Marauder  
  107  8:27  Marauder x2  
  107  8:29  Marine  
  100  8:36  Widow Mine  
  100  8:37  Medivac x2  
  100  8:39  Orbital Command  
  105  8:44  Widow Mine  
  105  8:47  Marauder  
  113  8:48  Marauder x2  
  113  8:51  Marine  
  113  8:52  Marine x3  
  111  8:57  Missile Turret  
  111  9:07  Medivac  
  111  9:09  Marine, Marauder  
  112  9:10  Marine, Marauder x2  
  111  9:22  Marine x2  
  113  9:26  Marine  
  113  9:30  Marauder  
  120  9:31  Marauder x2, Missile Turret  
  120  9:33  Widow Mine, Orbital Command  
  120  9:34  Medivac  
  124  9:41  Engineering Bay  
  124  9:44  Armory  
  124  9:46  Marine  
  124  9:52  Marauder  
  131  9:53  Marauder x2  
  121  10:13  Marauder  
  126  10:14  Marauder x2  
  126  10:15  Widow Mine x2  
  126  10:16  Marine  
  126  10:17  Marine  
  126  10:28  Marine  
  126  10:29  Marine  
  126  10:34  Marine, Marauder  
  133  10:35  Marauder x2  
  133  10:38  SCV  
  134  10:44  Marine  
  134  10:46  Marine  
  134  10:48  Medivac x2  
  131  10:56  Marauder  
  127  10:57  Marauder x2  
  123  11:14  Widow Mine  
  123  11:15  Widow Mine  
  123  11:17  Medivac, Marauder  
  123  11:18  Medivac, Marauder  
  133  11:27  Marine  
  133  11:28  Marauder  
  134  11:33  Marine x3  
  134  11:38  Marauder  
  134  11:39  Marauder, Terran Infantry Weapons Level 2  
  141  11:40  Terran Infantry Armor Level 2  
  141  11:44  Command Center  
  141  11:45  Supply Depot  
  141  11:46  Supply Depot  
  141  11:47  Supply Depot  
  141  11:48  Marine, Widow Mine x2, SCV x3  
  141  11:52  Marine x2  
  149  11:56  Marine  
  149  11:58  Medivac  
  149  11:59  Marine  
  145  12:14  Marauder  
  145  12:15  Marine x4, Marauder  
  144  12:16  Widow Mine x2  
  144  12:17  Marine  
  152  12:27  Medivac  
  152  12:28  Medivac  
  156  12:31  SCV  
  156  12:32  Refinery, Marine  
  156  12:33  Marine x2  
  156  12:34  Starport, Refinery, Marauder, Fusion Core  
  162  12:38  Marauder  
  162  12:41  Marauder  
  166  12:46  Liberator x2  
  168  12:52  SCV  
  168  12:55  Marauder  
  161  13:04  Marine, Marauder  
  170  13:13  Marauder  
  170  13:20  Starport Tech Lab  
  170  13:26  Liberator  
  170  13:29  Liberator x2  
  170  13:39  Marauder x2  
  174  13:45  Advanced Ballistics  
  183  13:57  Marine  
  183  13:58  Marine x4  
  188  14:03  Orbital Command  
  188  14:09  Liberator  
  183  14:11  Liberator  
  180  14:20  Liberator  
  174  14:44  Marine  
  174  14:45  Marine x5, Marauder  
  178  14:52  Liberator  
  172  14:54  Liberator  
  172  15:02  Marine  
  172  15:03  Marine  
  174  15:08  Marine x2, Marauder  
  174  15:10  SCV x2  
  186  15:14  SCV x2  
  188  15:59  Refinery x2, Command Center  
  188  16:28  Marine  
  188  16:45  SCV  
Show
View Real Time Build Order
Export as new Build Order

LiquidMaNa Protoss 

Build Orders: 1 Gate Expand, Blink Stalkers, Dark Templar Rush 

Get SALT Encoding   

  12  0:00  Probe (Chrono Boost)  
  13  0:11  Probe (Chrono Boost)  
  14  0:20  Pylon  
  14  0:21  Probe (Chrono Boost)  
  15  0:38  Gateway, Probe (Chrono Boost)  
  16  0:48  Probe (Chrono Boost)  
  17  0:50  Assimilator  
  17  0:59  Probe (Chrono Boost)  
  18  1:09  Probe (Chrono Boost)  
  19  1:19  Nexus  
  19  1:29  Cybernetics Core  
  20  1:32  Probe (Chrono Boost)  
  20  1:39  Assimilator  
  20  1:43  Probe (Chrono Boost)  
  21  1:52  Pylon  
  21  1:54  Probe (Chrono Boost)  
  22  2:04  Probe (Chrono Boost)  
  22  2:06  Warp Gate  
  23  2:10  Stalker  
  23  2:15  Probe (Chrono Boost)  
  26  2:26  Probe (Chrono Boost)  
  26  2:28  Twilight Council  
  27  2:36  Probe (Chrono Boost)  
  28  2:38  Probe (Chrono Boost)  
  29  2:47  Probe (Chrono Boost)  
  29  2:49  Probe (Chrono Boost)  
  31  2:53  Robotics Facility  
  31  2:57  Probe (Chrono Boost)  
  32  2:59  Probe (Chrono Boost)  
  33  3:08  Probe (Chrono Boost)  
  33  3:10  Probe (Chrono Boost)  
  35  3:14  Dark Shrine  
  35  3:18  Probe (Chrono Boost)  
  36  3:20  Probe (Chrono Boost)  
  36  3:25  Assimilator  
  39  3:29  Probe (Chrono Boost)  
  39  3:31  Probe (Chrono Boost)  
  39  3:33  Gateway  
  39  3:38  Warp Prism (Chrono Boost)  
  41  3:45  Gateway  
  41  3:46  Blink (Chrono Boost), Probe  
  41  3:48  Probe  
  43  3:52  Assimilator  
  43  4:00  Mothership Core  
  45  4:04  Probe  
  46  4:16  Pylon  
  46  4:19  Pylon  
  46  4:27  Nexus  
  46  4:34  Observer  
  46  4:35  Dark Templar  
  46  4:37  Dark Templar  
  51  4:42  Dark Templar  
  51  4:44  Probe  
  54  4:47  Probe  
  55  4:56  Probe  
  55  4:59  Probe  
  55  5:08  Probe  
  55  5:10  Dark Templar  
  55  5:11  Probe  
  59  5:16  Dark Templar  
  59  5:21  Probe  
  60  5:22  Pylon  
  60  5:23  Probe  
  61  5:33  Probe  
  62  5:39  Probe  
  63  5:43  Probe  
  63  5:45  Probe  
  63  5:46  Forge  
  63  5:47  Forge  
  63  5:51  Sentry, Resonating Glaives, Probe  
  63  5:52  Sentry x2  
  63  5:54  Probe  
  63  5:56  Pylon  
  71  5:57  Probe  
  71  5:59  Pylon  
  71  6:03  Probe  
  73  6:05  Probe  
  73  6:09  Probe  
  75  6:14  Pylon  
  75  6:15  Probe  
  75  6:16  Stalker  
  75  6:17  Stalker x2, Probe  
  82  6:21  Probe  
  84  6:27  Probe  
  84  6:32  Probe  
  85  6:33  Protoss Ground Weapons Level 1 (Chrono Boost), Probe  
  85  6:39  Stalker x2  
  91  6:44  Stalker  
  91  6:45  Probe x2  
  91  6:49  Assimilator  
  91  6:51  Immortal, Assimilator  
  91  6:52  Gateway  
  91  6:53  Gateway  
  95  6:56  Pylon  
  95  7:03  Gateway  
  95  7:05  Gateway  
  95  7:06  Protoss Ground Armor Level 1 (Chrono Boost)  
  95  7:16  Photon Cannon  
  95  7:22  Gateway  
  95  7:24  Gateway, Photon Cannon  
  95  7:25  Pylon  
  95  7:30  Warp Prism (Chrono Boost)  
  95  7:35  Stalker x3  
  101  7:43  Pylon  
  101  7:44  Photon Cannon  
  101  7:51  Pylon, Probe  
  101  7:52  Probe  
  101  7:57  Templar Archives  
  103  7:59  Stalker x3  
  103  8:05  Adept x2  
  109  8:14  Probe  
  109  8:15  Probe  
  93  8:21  Dark Templar  
  93  8:23  Zealot x3  
  93  8:25  Dark Templar, Zealot x2  
  93  8:26  Zealot x2  
  101  8:28  Probe  
  101  8:29  Probe x2  
  97  8:34  Photon Cannon  
  97  8:39  Probe  
  97  8:40  Probe  
  97  8:41  Observer (Chrono Boost), Probe  
  98  8:50  Probe  
  98  8:53  Probe x2  
  101  9:00  Photon Cannon  
  101  9:01  Dark Templar x3, Probe  
  102  9:18  Probe  
  102  9:19  Probe  
  102  9:22  Stalker  
  102  9:23  Stalker x3  
  108  9:28  Forge  
  108  9:30  Immortal (Chrono Boost)  
  108  9:31  Forge  
  108  9:36  Psionic Storm  
  112  9:44  High Templar x2  
  116  9:48  Pylon  
  116  9:52  Pylon  
  114  9:53  Pylon  
  114  9:58  Zealot  
  116  10:05  Observer  
  105  10:08  Zealot x4  
  105  10:12  Archon  
  100  10:16  Probe  
  100  10:17  Protoss Ground Weapons Level 2 (Chrono Boost), Protoss Ground Armor Level 2 (Chrono Boost), Probe  
  100  10:20  Sentry  
  100  10:21  Dark Templar, Zealot  
  103  10:23  Probe  
  103  10:27  Observer  
  104  10:28  Probe  
  104  10:29  Adept x2  
  104  10:30  Adept x2  
  104  10:33  Photon Cannon  
  113  10:41  Photon Cannon  
  108  10:44  Probe x2  
  108  10:47  Dark Templar  
  108  10:48  Dark Templar  
  108  10:49  Probe  
  105  10:54  Zealot  
  105  10:55  Zealot  
  105  10:56  Probe, Zealot x2  
  107  11:03  Immortal  
  103  11:13  Archon  
  103  11:16  Probe x2  
  105  11:19  Probe  
  105  11:24  High Templar x4  
  113  11:35  High Templar x2  
  117  11:43  Immortal  
  121  11:49  Archon  
  119  12:01  Zealot x5  
  111  12:08  Charge (Chrono Boost)  
  109  12:14  High Templar  
  109  12:15  High Templar  
  105  12:22  Stalker x5  
  114  12:45  Stalker  
  114  12:51  Protoss Ground Weapons Level 3 (Chrono Boost), Protoss Ground Armor Level 3 (Chrono Boost)  
  112  12:56  Probe x2  
  107  12:58  Stalker  
  107  12:59  Stalker x4  
  107  13:05  Pylon  
  117  13:12  Photon Cannon  
  117  13:13  Photon Cannon  
  117  13:23  Probe x2  
  117  13:25  High Templar  
  122  13:27  Mothership Core  
  122  13:29  Pylon  
  123  13:36  Zealot  
  125  13:42  Nexus  
  125  13:50  Adept x3  
  125  13:51  Adept  
  131  14:06  Stargate  
  131  14:17  Immortal  
  133  14:19  Stargate  
  133  14:34  Pylon  
  133  14:38  Pylon  
  131  14:51  Oracle  
  131  14:52  Fleet Beacon  
  134  14:55  Assimilator  
  134  14:56  Assimilator  
  126  15:15  Stalker x6  
  136  15:36  Tempest (Chrono Boost)  
  137  16:13  High Templar x2  
  108  16:47  High Templar x2  
Tags
 
Add a new tag
Caveats
  • Supply blocks, unpowered buildings, or Contaminate may cause inaccurate times.
  • Supply counts are checked every 10 seconds.